 Dungeon Crawl Stone Soup version 0.18.1-5-g4a78601 (webtiles) character file.

11895 IcyTea the Tainter (level 11, -4/85 HPs)
             Began as a Green Draconian Wizard on May 11, 2016.
             Was an Elder of Sif Muna.
             Hit by a large rock thrown by a cyclops (16 damage)
             ... on level 11 of the Dungeon.
             The game lasted 02:04:16 (16929 turns).

IcyTea the Tainter (Green Draconian Wizard)        Turns: 16929, Time: 02:04:17

Health: -4/85      AC: 11    Str:  9    XL:     11   Next: 55%
Magic:  13/26      EV:  7    Int: 26    God:    Sif Muna [****..]
Gold:   279        SH:  0    Dex: 12    Spells: 9 memorised, 2 levels left

rFire  . . .     SeeInvis .     a - +1 quarterstaff
rCold  . . .     Gourm    .     (armour unavailable)
rNeg   . . .     Faith    .     (shield currently unavailable)
rPois  +         Spirit   .     i - +0 hat
rElec  .         Dismiss  .     q - +1 cloak
rCorr  .         Reflect  .     (no gloves)
SustAt .         Harm     .     C - +0 pair of boots
MR     .....                    (no amulet)
Stlth  ++........               s - +3 ring of intelligence
                                l - +3 ring of dexterity

@: not resistant to hostile enchantments, unstealthy
A: breathe noxious fumes, unfitting armour, claws 1, high mp 1, poison
resistance, shaggy fur 1, cold-blooded, AC +7
a: Breathe Noxious Fumes, Channel Energy, Forget Spell, Renounce Religion


You were on level 11 of the Dungeon.
You worshipped Sif Muna.
Sif Muna was greatly pleased with you.
You were not hungry.

You visited 2 branches of the dungeon, and saw 12 of its levels.

You collected 511 gold pieces.
You spent 232 gold pieces at shops.

Inventory:

Hand Weapons
 a - a +1 quarterstaff (weapon)
 A - a +0 flail of holy wrath
Missiles
 o - 3 tomahawks of returning
 p - 20 tomahawks (quivered)
 J - a throwing net
Armour
 i - a +0 hat (worn)
 q - a +1 cloak (worn)
 C - a +0 pair of boots (worn)
Rods
 b - a +2 lightning rod (12/12)
   (You found it on level 3 of the Dungeon)
Jewellery
 l - a +3 ring of dexterity (left claw)
 s - a +3 ring of intelligence (right claw)
 F - an uncursed ring of stealth
 G - an uncursed ring of fire
 P - an uncursed ring of resist corrosion
 Q - an uncursed ring of positive energy
Wands
 w - a wand of polymorph (17/24)
 K - a wand of teleportation (2/9)
 N - a wand of paralysis (7/24)
Scrolls
 e - 2 scrolls of amnesia
 g - 4 scrolls of remove curse
 j - 4 scrolls of identify
 k - 4 scrolls of magic mapping
 r - 3 scrolls of blinking
 y - 2 scrolls of fog
 H - 2 scrolls of teleportation
 O - a scroll of immolation
Potions
 d - 4 potions of heal wounds
 t - 2 potions of lignification
 z - 5 potions of curing
 B - a potion of magic
 D - 3 potions of brilliance
 I - 2 potions of haste
 L - a potion of cancellation
Books
 m - a book of Minor Magic

   Spells                             Type                      Level
   a - Magic Dart                     Conjuration                  1
   b - Blink                          Translocation                2
   c - Call Imp                       Summoning                    2
   d - Repel Missiles                 Charms/Air                   2
   e - Slow                           Hexes                        2
   f - Conjure Flame                  Conjuration/Fire             3
   g - Mephitic Cloud                 Conjuration/Poison/Air       3
 v - a Young Poisoner's Handbook

   Spells                             Type                      Level
   a - Sting                          Conjuration/Poison           1
   b - Cure Poison                    Poison                       2
   c - Mephitic Cloud                 Conjuration/Poison/Air       3
   d - Olgreb's Toxic Radiance        Poison                       4
   e - Venom Bolt                     Conjuration/Poison           5
 E - a book of Callings

   Spells                             Type                      Level
   a - Summon Small Mammal            Summoning                    1
   b - Call Imp                       Summoning                    2
   c - Call Canine Familiar           Summoning                    3
   d - Summon Guardian Golem          Hexes/Summoning              3
   e - Summon Lightning Spire         Summoning/Air                4
   f - Summon Ice Beast               Ice/Summoning                4
Miscellaneous
 M - an ornate deck of defence {the Blade}
Comestibles
 c - 11 bread rations
 f - 3 chunks of flesh
 h - 6 meat rations
 n - 2 royal jellies
 u - 4 slices of pizza
 x - 4 fruits


   Skills:
 - Level 4.5 Fighting
 - Level 8.0 Staves
 - Level 1.7 Dodging
 - Level 1.7 Stealth
 - Level 9.0 Spellcasting
 - Level 4.0 Conjurations
 - Level 1.0 Hexes
 - Level 1.5 Charms
 - Level 4.6 Summonings
 - Level 2.0 Translocations
 - Level 2.0 Fire Magic
 - Level 3.4 Ice Magic
 - Level 3.0 Air Magic
 - Level 9.1 Poison Magic
 + Level 4.1 Invocations
 - Level 5.0 Evocations


You had 2 spell levels left.
You knew the following spells:

 Your Spells              Type           Power        Failure   Level  Hunger
a - Magic Dart            Conj           ####         1%          1    None
b - Blink                 Tloc           N/A          3%          2    None
c - Slow                  Hex            ###.....     6%          2    None
d - Mephitic Cloud        Conj/Pois/Air  #####...     1%          3    None
e - Repel Missiles        Chrm/Air       ###...       2%          2    None
f - Summon Lightning Spi  Summ/Air       ####....     12%         4    #......
g - Conjure Flame         Conj/Fire      ####....     6%          3    None
h - Venom Bolt            Conj/Pois      #####.....   12%         5    ####...
i - Summon Ice Beast      Ice/Summ       ####....     12%         4    #......


Dungeon Overview and Level Annotations

Branches:
Dungeon (11/15)            Temple (1/1) D:7            Lair (0/8) D:11
    Orc: D:9-12

Altars:
Ashenzari
Cheibriados
Dithmenos
Elyvilon
Fedhas
Gozag
Kikubaaqudgha
Makhleb
Nemelex Xobeh
Okawaru
Pakellas
Qazlal
Ru
Sif Muna
Trog
Vehumet
Xom
Yredelemnul
Zin
The Shining One
Lugonu

Shops:
D:4 *   D:8 !


Innate Abilities, Weirdness & Mutations

You can breathe blasts of noxious fumes.
Your lurid green scales are hard (AC +7).
Your body does not fit into most forms of armour.
Your system is resistant to poisons.
You are cold-blooded and may be slowed by cold attacks.
You have sharp fingernails.
You have an increased reservoir of magic (+10% MP).
You are covered in fur (AC +1).


Message History

The iguana is engulfed in noxious fumes.
The iguana appears confused.
You hit the iguana.
You kill the iguana!
You see here an iguana corpse.
Casting: Mephitic Cloud
Confirm with . or Enter, or press ? or * to list all spells.
You can't see any susceptible monsters within range! (Use Z to cast anyway.)
Casting: Mephitic Cloud
Confirm with . or Enter, or press ? or * to list all spells.
Aiming: Mephitic Cloud
Press: ? - help, Shift-Dir - straight line The ball explodes into a vile cloud!
The stinking cloud engulfs you!
A cyclops comes into view.
The cyclops throws a large rock.
The large rock hits you!!!
* * * LOW HITPOINT WARNING * * *
There is a stone staircase leading up, spattered with blood here.
You see here a large rock.
The cyclops throws a large rock.
The large rock hits you!
You die...

###########.^....#...........#..
#...............'...........#..
#...............#...........#..
#...............#...........#..
#...............#...........#..
#...............#...........#..
###################'###########..
.................................
................@.....#######.>..
......................# #....
.........C............# #....
..........##..#.......#######....
..........##..#..................
..........##..#..................
..............#..................
..............#..........†.......
.................................


You could see a cyclops.

Vanquished Creatures
  A hydra (D:11)
  An unseen horror (D:10)
  3 hill giants
  The ghost of Kiel97 the Grave Robber, a novice HENe of Qazlal (D:5)
  2 centaur skeletons
  3 kobold demonologists (D:10)
  A komodo dragon (D:11)
  2 trolls
  A two-headed ogre (D:11)
  A spriggan (D:9)
  3 wyverns (D:9)
  5 yaks (D:10)
  Grum (D:8)
  2 hippogriffs
  A soldier ant (D:10)
  A water moccasin (D:6)
  Purgy (D:3)
  A sky beast (D:4)
  4 orc warriors
  2 ice beasts
  2 eyes of draining
  2 wasps
  4 ogres
  2 centaurs
  3 wolves (D:8)
  Blork the orc (D:6)
  5 giant frogs
  2 gnoll sergeants
  A wyvern zombie (D:7)
  A scorpion (D:8)
  9 killer bees
  5 wights
  8 howler monkeys
  A crimson imp (D:6)
  A centaur zombie (D:7)
  2 quasits
  6 hounds
  5 orc priests
  15 orc wizards
  2 giant frog skeletons
  Ijyb (D:3)
  5 iguanas
  9 worker ants
  3 sheep (D:11)
  2 worker ant zombies
  17 adders
  15 gnolls
  A howler monkey skeleton (D:10)
  3 shadow imps
  2 oozes
  An adder zombie (D:9)
  3 adder skeletons
  2 worms (D:2)
  2 dart slugs
  9 giant geckos
  35 orcs
  7 giant cockroaches
  9 goblins
  7 hobgoblins
  12 jackals
  6 quokkas
  A ball python (D:2)
  8 bats
  2 giant gecko skeletons
  3 giant newts
  6 kobolds
  7 rats
  2 demonic plants (D:10)
294 creatures vanquished.

Vanquished Creatures (collateral kills)
  An ugly thing (D:9)
  A wraith (D:11)
  An ice beast (D:9)
  A bat (D:3)
4 creatures vanquished.

Vanquished Creatures (others)
  A demonic plant (D:10)
1 creature vanquished.

Grand Total: 299 creatures vanquished

Notes
Turn   | Place    | Note
--------------------------------------------------------------
     0 | D:1      | IcyTea the Draconian Wizard began the quest for the Orb.
     0 | D:1      | Reached XP level 1. HP: 14/14 MP: 4/4
   243 | D:1      | Reached XP level 2. HP: 11/20 MP: 0/6
   256 | D:1      | Learned a level 2 spell: Blink
   259 | D:1      | Learned a level 2 spell: Slow
  1195 | D:2      | Reached XP level 3. HP: 20/26 MP: 0/8
  1200 | D:2      | Learned a level 3 spell: Mephitic Cloud
  1615 | D:2      | Reached skill level 1 in Air Magic
  1735 | D:2      | Reached XP level 4. HP: 33/33 MP: 3/10
  1739 | D:2      | Learned a level 2 spell: Repel Missiles
  2022 | D:2      | Reached skill level 1 in Poison Magic
  2319 | D:3      | Reached skill level 1 in Hexes
  2418 | D:3      | Noticed Ijyb
  2488 | D:3      | Reached skill level 1 in Charms
  2551 | D:3      | Reached XP level 5. HP: 26/38 MP: 5/11
  2690 | D:2      | Learned a level 2 spell: Call Imp
  2743 | D:3      | Killed Ijyb
  3822 | D:3      | Reached skill level 1 in Staves
  3831 | D:3      | Reached XP level 6. HP: 45/45 MP: 1/12
  3837 | D:3      | Noticed Purgy
  4435 | D:4      | Found Zavuigeh's Assorted Antiques.
  4720 | D:3      | Killed Purgy
  4720 | D:3      | Your scales start taking on a lurid green colour.
  4720 | D:3      | Reached XP level 7. HP: 46/50 MP: 7/13
  4720 | D:3      | Gained mutation: Your system is resistant to poisons. [Green Draconian growth]
  4830 | D:4      | Bought a pair of boots for 112 gold pieces
  4920 | D:4      | Gained mutation: You are covered in fur (AC +1). [potion of mutation]
  4920 | D:4      | Gained mutation: You have an increased reservoir of magic (+10% MP). [potion of mutation]
  4920 | D:4      | Gained mutation: You have sharp fingernails. [potion of mutation]
  5333 | D:4      | Reached skill level 5 in Spellcasting
  5536 | D:5      | Entered Level 5 of the Dungeon
  5676 | D:5      | Noticed Kiel97's ghost (novice HENe)
  6538 | D:5      | Learned a level 3 spell: Conjure Flame
  6773 | D:5      | Killed Kiel97's ghost
  6773 | D:5      | Reached XP level 8. HP: 41/67 MP: 7/17
  7807 | D:6      | Found a deep blue altar of Sif Muna.
  7832 | D:6      | Became a worshipper of Sif Muna the Loreminder
  8090 | D:6      | Noticed Blork the orc
  8110 | D:6      | Killed Blork the orc
  8644 | D:6      | Reached XP level 9. HP: 43/72 MP: 8/20
  9196 | D:6      | Reached * piety under Sif Muna
  9334 | D:6      | Learned a level 5 spell: Venom Bolt
 10124 | D:7      | Reached skill level 5 in Poison Magic
 10599 | D:7      | Found a staircase to the Ecumenical Temple.
 10605 | Temple   | Entered the Ecumenical Temple
 11016 | D:8      | Reached ** piety under Sif Muna
 11034 | D:8      | Found Taeklaq's Distillery.
 11056 | D:8      | Reached skill level 5 in Staves
 11316 | D:8      | Found a blossoming altar of Fedhas.
 11316 | D:8      | Found a glowing golden altar of the Shining One.
 11492 | D:8      | Noticed Grum
 11528 | D:8      | Killed Grum
 11545 | D:8      | Reached XP level 10. HP: 45/80 MP: 6/22
 11982 | D:8      | Bought a potion of brilliance for 40 gold pieces
 11982 | D:8      | Bought a potion of heal wounds for 50 gold pieces
 11982 | D:8      | Bought a potion of curing for 30 gold pieces
 12270 | D:9      | Noticed a hill giant
 12289 | D:9      | Killed a hill giant
 12638 | D:9      | Reached *** piety under Sif Muna
 12767 | D:9      | Learned a level 4 spell: Summon Ice Beast
 12868 | D:9      | Reached skill level 1 in Ice Magic
 13022 | D:9      | Noticed a white ugly thing
 13034 | D:9      | Reached skill level 1 in Invocations
 13046 | D:9      | Killed a white ugly thing
 13267 | D:9      | Found a burning altar of Makhleb.
 13437 | D:9      | Reached skill level 5 in Evocations
 13537 | D:10     | Entered Level 10 of the Dungeon
 13593 | D:10     | Found a corrupted altar of Lugonu.
 13611 | D:10     | Noticed a sixfirhy
 14022 | D:10     | Reached XP level 11. HP: 78/85 MP: 17/25
 14141 | D:10     | Killed an unseen horror
 15011 | D:11     | Learned a level 4 spell: Summon Lightning Spire
 15500 | D:11     | Noticed a hill giant
 15515 | D:11     | Killed a hill giant
 15515 | D:11     | Reached **** piety under Sif Muna
 15536 | D:11     | Noticed a hill giant
 16075 | D:11     | Noticed a five-headed hydra
 16076 | D:11     | Killed a hill giant
 16526 | D:11     | Killed a five-headed hydra
 16853 | D:11     | Found a staircase to the Lair.
 16929 | D:11     | Hit by a large rock thrown by a cyclops

Skill      XL: |  1  2  3  4  5  6  7  8  9 10 11 |
---------------+----------------------------------+-----
Conjurations   | 2 4 |  4.0
Spellcasting   | 4 5 6 7 8 9 |  9.0
Air Magic      | 1 3 |  3.0
Poison Magic   | 1 3 7 9 |  9.1
Hexes          | 1 |  1.0
Charms         | 1 |  1.5
Staves         | 1 3 4 7 8 |  8.0
Evocations     | 2 4 5 |  5.0
Fire Magic     | 2 |  2.0
Fighting       | 4 |  4.5
Translocations | 2 |  2.0
Summonings     | 4 |  4.6
Ice Magic      | 1 3 |  3.4
Invocations    | 3 4 |  4.1
Dodging        | |  1.7
Stealth        | |  1.7

Action                   |  1- 3 |  4- 6 |  7- 9 | 10-12 || total
-------------------------+-------+-------+-------+-------++-------
Melee: Unarmed           |    39 |       |       |       ||    39
       Tailslap          |     5 |     6 |    45 |    50 ||   106
       Whip              |    42 |       |       |       ||    42
       Club              |     1 |       |       |       ||     1
       Short sword       |    14 |       |       |       ||    14
       Rapier            |       |    56 |       |       ||    56
       Quarterstaff      |       |    38 |   325 |   392 ||   755
       Flail             |       |       |       |     2 ||     2
 Cast: Magic Dart        |    79 |   147 |   189 |    15 ||   430
       Blink             |     3 |     4 |       |     9 ||    16
       Mephitic Cloud    |       |     5 |    58 |    74 ||   137
       Call Imp          |       |     3 |     2 |     1 ||     6
       Slow              |       |     1 |     4 |       ||     5
       Repel Missiles    |       |       |     3 |       ||     3
       Venom Bolt        |       |       |       |    32 ||    32
       Summon Ice Beast  |       |       |       |     3 ||     3
       Conjure Flame     |       |       |       |     1 ||     1
Invok: Channel Energy    |       |       |       |     5 ||     5
 Abil: Breathe Noxious F |       |       |     1 |       ||     1
Evoke: Rod               |       |     7 |    11 |     3 ||    21
  Use: Scroll            |     7 |       |     4 |     8 ||    19
       Potion            |     2 |     1 |     7 |     1 ||    11
 Stab: Sleeping          |     3 |       |     2 |     2 ||     7
       Confused          |       |       |    28 |    32 ||    60
  Eat: Chunk             |     3 |    10 |    22 |    23 ||    58
       Beef jerky        |       |       |       |     3 ||     3
Armor: Skin              |    63 |    80 |   157 |   131 ||   431
Dodge: Dodged            |    87 |   125 |   217 |   160 ||   589
       Deflected         |       |       |     6 |     1 ||     7
